 Dungeon Crawl Stone Soup version 0.28-a0-511-gcc94558de3 (webtiles) character file.

Game seed: 11412446532763860180

5298 Iscandelvey the Firebug (level 10, 70/70 HPs)
             Began as a Demonspawn Cinder Acolyte on Sept 21, 2021.
             Was a High Priest of Ignis.
             Got out of the dungeon alive.
             The game lasted 01:04:55 (10195 turns).

Iscandelvey the Firebug (DsCA)                     Turns: 10195, Time: 01:04:55

Health: 70/70      AC:  3    Str: 15    XL:     10   Next: 37%
Magic:  19/19      EV: 17    Int: 18    God:    Ignis [*****.]
Gold:   981        SH:  0    Dex:  9    Spells: 19/21 levels left

rFire   + . .      SeeInvis .   k - +1 dagger (venom)
rCold   . . .      Faith    .   (no shield)
rNeg    + . .      Spirit   .   E - +0 leather armour
rPois   .          Reflect  .   (no helmet)
rElec   .          Harm     .   (no cloak)
rCorr   .          Rampage  .   (no gloves)
Will    .....                   (boots unavailable)
Stlth   ++........              S - amulet of the acrobat
HPRegen 0.21/turn               p - +4 ring of evasion
MPRegen 0.16/turn               r - ring of positive energy

@: no status effects
A: hooves 3, demonic guardian 1, ignite blood 2
a: Renounce Religion, Sea of Fire, Foxfire Swarm, Rising Flame


You escaped.
You worshipped Ignis.
Ignis was extremely pleased with you.
You visited 1 branch of the dungeon, and saw 8 of its levels.
You also visited: Ossuary and Bailey.

You collected 981 gold pieces.

Inventory:

Hand Weapons
 a - a -1 spear of flaming
 k - a +1 dagger of venom (weapon)
 C - a +0 halberd of protection
 R - a +4 war axe
Missiles
 f - 3 atropa-tipped darts
 v - 36 poisoned darts
 H - 4 javelins (quivered)
 I - 55 boomerangs
 N - 21 arrows
Armour
 b - a +0 robe
 E - a +0 leather armour (worn)
Magical Staves
 n - a staff of conjuration
 o - a staff of fire
Jewellery
 p - a +4 ring of evasion (left hand)
 r - a ring of positive energy (right hand)
 S - an amulet of the acrobat (around neck)
Wands
 q - a wand of iceblast (17)
 u - a wand of digging (4)
Scrolls
 d - a scroll of holy word {unknown}
 g - a scroll of immolation {unknown}
 i - a scroll of magic mapping
 l - a scroll of identify
 w - 4 scrolls of teleportation
 x - a scroll of silence {unknown}
 y - a scroll of torment {unknown}
 F - a scroll of vulnerability {unknown}
 J - a scroll of noise {unknown}
 M - 2 scrolls of fog {unknown}
 O - 2 scrolls of fear {unknown}
 Q - 2 scrolls of enchant armour {unknown}
Potions
 c - 2 potions of haste
 e - 4 potions of lignification
 h - 2 potions of brilliance
 j - 3 potions of flight
 s - a potion of ambrosia {unknown}
 t - 4 potions of heal wounds
 z - 2 potions of invisibility {unknown}
 A - 2 potions of attraction
 B - 2 potions of berserk rage {unknown}
 D - 2 potions of magic {unknown}
 G - a potion of resistance {unknown}
 K - a potion of might {unknown}
 L - a potion of degeneration {unknown}
 P - a potion of cancellation {unknown}


   Skills:
 - Level 3.0 Fighting
 - Level 2.7 Polearms
 + Level 3.5 Throwing
 + Level 5.6 Armour
 + Level 5.6 Dodging
 + Level 4.4 Stealth
 * Level 6.1 Spellcasting
 * Level 2.7 Conjurations
 * Level 7.9 Fire Magic


You had 19 spell levels left.
You knew the following spells:

 Your Spells              Type           Power      Damage    Failure   Level
a - Scorch                Fire           68%        2d8       1%          2

Your spell library contained the following spells:

 Spells                   Type           Power      Damage    Failure   Level
 Foxfire                  Conj/Fire      96%        2x1d8     1%          1
 Magic Dart               Conj           60%        1d6       4%          1
 Conjure Flame            Conj/Fire      24%        6-21      4%          3
 Searing Ray              Conj           30%        2d5       7%          2
 Inner Flame              Hex/Fire       19%        N/A       9%          3
 Apportation              Tloc           10%        N/A       14%         1
 Flame Wave               Conj/Fire      24%        3d6       16%         4
 Wereblood                Tmut           5%         N/A       22%         2
 Stone Arrow              Conj/Erth      20%        3d8       24%         3
 Portal Projectile        Hex/Tloc       10%        N/A       38%         3
 Fulminant Prism          Conj/Hex       5%         3d7       61%         4
 Animate Armour           Summ/Erth      10%        N/A       80%         4
 Ice Form                 Ice/Tmut       5%         N/A       80%         4
 Irradiate                Conj/Tmut      5%         3d15      91%         5
 Alistair's Intoxication  Tmut/Pois      3%         N/A       98%         5
 Blade Hands              Tmut           2%         N/A       98%         5
 Excruciating Wounds      Necr           2%         N/A       98%         5
 Invisibility             Hex            2%         N/A       100%        6
 Simulacrum               Ice/Necr       2%         N/A       100%        6
 Malign Gateway           Summ/Tloc      2%         N/A       100%        7
 Lehudib's Crystal Spear  Conj/Erth      5%         10d3      100%        8
 Summon Horrible Things   Summ           2%         N/A       100%        8


Dungeon Overview and Level Annotations

Branches:
Dungeon (8/15)             Temple (0/1) D:7         Ossuary (visited)
 Bailey (visited)
   Lair: D:8-11

Altars:
Dithmenos
Elyvilon
Makhleb
Qazlal
Trog
Wu Jian
Yredelemnul

Shops:
D:2 (   D:3 (


Innate Abilities, Weirdness & Mutations

You have hooves in place of feet.
A weak demonic guardian rushes to your aid.
Your demonic aura often causes spilled blood to erupt in flames.


Message History

The gnoll is moderately wounded.
The gnoll is engulfed in blazing flames.
You kill the gnoll!
You see here a +0 spear.
You hit the gnoll.
The gnoll is poisoned.
Your kick misses the gnoll.
The gnoll is lightly wounded.
The gnoll barely misses you.
You hit the gnoll.
The gnoll looks even sicker.
The gnoll is moderately wounded.
The gnoll closely misses you. The gnoll barely misses you.
You hit the gnoll.
The gnoll is poisoned.
The gnoll is lightly wounded.
The gnoll completely misses you. The gnoll closely misses you.
You closely miss the gnoll. You kick the gnoll.
The gnoll is moderately wounded.
The gnoll hits you with a +0 club. The gnoll closely misses you.
You hit the gnoll but do no damage.
The gnoll looks even sicker.
You kick the gnoll.
The gnoll is almost dead.
The gnoll misses you. x2
You hit the gnoll.
The gnoll looks as sick as possible!
The gnoll is severely wounded.
You kill the gnoll!
The gnoll misses you.
You hit the gnoll.
You kill the gnoll!
You see here a +0 hand axe.
(D) Dungeon (T) Temple
Where to? (Enter - D:1, ? - help)
There is a stone staircase leading up here.
You climb upwards.
There is a stone staircase leading down here.
(D) Dungeon (T) Temple
Where to? (Enter - D:1, ? - help)
Okay, then.
HP restored.
There is an open door here.
There is a staircase leading out of the dungeon here.
Are you sure you want to leave the Dungeon?
This will make you lose the game!
You have escaped!

..# #....######.# ..#
#....##.....# #.## ##########
#.....#.###.# ...# #...#....#
##.##.#.....#
...####.#.##.#.#####.##.##....#
...##...#.##.#.......##....#.##
..###.###....####.########.#..#
..# #.# ##.........(.......##.#
..###.####.##..#@#>##..##..##.#
...)...........##.###.........#
.>#######..##.##### ##.##.#####
#.# #..>### ###>.# ..# #..##.##
#####.##.# ###
#......###.##.....#
#..##..##>#.#..##.#
#.................#
#.........#########


There were no monsters in sight!

Vanquished Creatures
  An orc warlord (Bailey)
  Prince Ribbit (D:6)
  6 yaks (D:7)
  5 orc warriors (Bailey)
  A water moccasin (D:5)
  Duvessa (D:4)
  5 black bears
  2 ice beasts
  2 ogres
  A sky beast (D:8)
  2 necrophages
  A phantom (D:5)
  A bullfrog (D:7)
  4 scorpions
  Dowan (D:4)
  A water moccasin skeleton (D:5)
  4 killer bees (D:8)
  A human zombie (Ossuary)
  3 jellies
  3 bullfrog skeletons
  2 bullfrog zombies
  2 orc priests
  2 centaur skeletons (D:4)
  2 hounds (D:4)
  2 iguanas
  2 hound zombies (Ossuary)
  4 mummies (Ossuary)
  8 gnolls
  10 adders
  A river rat (D:4)
  4 white imps
  2 ufetubi
  An adder zombie (Ossuary)
  3 worms
  3 dart slugs
  19 orcs
  4 bats
  An endoplasm (D:2)
  5 giant cockroaches
  A gnoll zombie (Ossuary)
  10 goblins
  7 hobgoblins
  4 jackals (D:3)
  21 kobolds
  3 quokkas
  8 ball pythons
  3 frilled lizards
  2 goblin zombies
  3 hobgoblin zombies (Ossuary)
  A jackal zombie (Ossuary)
  A kobold zombie (Ossuary)
  A quokka zombie (D:4)
  11 rats
  A rat zombie (Ossuary)
200 creatures vanquished.

Vanquished Creatures (collateral kills)
  2 killer bees (D:8)
2 creatures vanquished.

Grand Total: 202 creatures vanquished

Notes
Turn   | Place    | Note
-------+----------+-------------------------------------------
     0 | D:1      | Iscandelvey the Demonspawn Cinder Acolyte began the quest
                  | for the Orb.
     0 | D:1      | Reached XP level 1. HP: 18/18 MP: 2/2
   305 | D:1      | Gained mutation: A weak demonic guardian rushes to your
                  | aid. [demonic ancestry]
   305 | D:1      | Reached XP level 2. HP: 24/24 MP: 3/3
   462 | D:1      | Learned a level 2 spell: Scorch
   681 | D:1      | Reached skill level 3 in Fire Magic
   853 | D:2      | Found a stormy altar of Qazlal.
  1213 | D:2      | Gained mutation: Your demonic aura sometimes causes spilled
                  | blood to erupt in flames. [demonic ancestry]
  1213 | D:2      | Reached XP level 3. HP: 26/29 MP: 5/5
  1244 | D:2      | Reached skill level 1 in Armour
  1244 | D:2      | Reached skill level 1 in Dodging
  1423 | D:2      | Found Nedepat's Antique Weapon Boutique.
  1943 | D:2      | Gained mutation: Your demonic aura often causes spilled
                  | blood to erupt in flames. [demonic ancestry]
  1943 | D:2      | Reached XP level 4. HP: 26/35 MP: 3/6
  2577 | D:3      | Found a shadowy altar of Dithmenos.
  2828 | D:3      | Found Biazomuz's Weapon Shop.
  3109 | D:4      | Noticed a necrophage
  3226 | D:3      | Killed a necrophage
  3227 | D:3      | Gained mutation: You have large cloven feet. [demonic
                  | ancestry]
  3227 | D:3      | Reached XP level 5. HP: 40/41 MP: 4/8
  3244 | D:4      | Noticed a black bear
  3251 | D:4      | Killed a black bear
  3252 | D:4      | Gained mutation: You have hoof-like feet. [demonic
                  | ancestry]
  3252 | D:4      | Reached XP level 6. HP: 47/47 MP: 1/10
  3262 | D:4      | Found a sand-covered staircase.
  3271 | Ossuary  | Entered an ossuary
  3276 | Ossuary  | Reached skill level 4 in Fire Magic
  3767 | D:4      | Reached XP level 7. HP: 39/52 MP: 0/12
  4349 | D:4      | Found an ornate altar of the Wu Jian Council.
  4386 | D:4      | Noticed Dowan
  4396 | D:4      | Noticed Duvessa
  4704 | D:4      | Killed Duvessa
  4705 | D:4      | Reached skill level 5 in Fire Magic
  4715 | D:4      | Killed Dowan
  4716 | D:4      | Reached skill level 1 in Stealth
  4726 | D:4      | Gained mutation: You have hooves in place of feet. [demonic
                  | ancestry]
  4726 | D:4      | Reached XP level 8. HP: 58/58 MP: 1/14
  5296 | D:5      | Entered Level 5 of the Dungeon
  6089 | D:5      | Reached skill level 1 in Throwing
  6089 | D:5      | Reached skill level 6 in Fire Magic
  6326 | D:5      | Found a basalt altar of Yredelemnul.
  6525 | D:6      | Found a bloodstained altar of Trog.
  6767 | D:6      | Reached XP level 9. HP: 54/63 MP: 1/16
  6956 | D:6      | Noticed Prince Ribbit
  6968 | D:6      | Killed Prince Ribbit
  7259 | D:7      | Found a staircase to the Ecumenical Temple.
  7447 | D:7      | Found a burning altar of Makhleb.
  7467 | D:7      | Reached skill level 5 in Spellcasting
  7601 | D:7      | Reached skill level 5 in Armour
  7601 | D:7      | Reached skill level 5 in Dodging
  7601 | D:7      | Reached skill level 7 in Fire Magic
  8181 | D:7      | Reached skill level 1 in Conjurations
  8457 | D:8      | Reached XP level 10. HP: 13/70 MP: 2/18
  8519 | D:8      | Found a flagged portal.
  8638 | Bailey   | Entered a bailey
  8896 | Bailey   | Noticed an orc warlord
  9193 | Bailey   | Found a runed translucent gate.
  9195 | Bailey   | Found a runed translucent gate.
  9196 | Bailey   | Found a runed translucent gate.
  9777 | Bailey   | Killed an orc warlord
  9943 | Bailey   | Acquired a book of Conjurations
  9947 | Bailey   | Acquired 520 gold pieces
  9952 | Bailey   | Acquired Sataz's Volume of Shifting Dark Rituals
 10195 | D:$      | Got out of the dungeon alive.

Illustrated notes

Levels and vault maps discovered:
D:1:      onia_arrival_handbag, layout_basic
D:2:      layout_rooms, basic_altar, serial_shops, shop
D:3:      layout_rooms, nicolae_dithmenos_through_a_glass_darkly, serial_shops,
          shop
D:4:      layout_rooms, lemuel_coloured_pillars_altar,
          lightli_sewer_entry_pipes, enter_ossuary_4, uniq_duvessa
D:5:      layout_basic, kennysheep_ying_yang
D:6:      layout_cave_pools, lemuel_doored_altar, uniq_prince_ribbit1
D:7:      layout_loops_cross, mainiacjoe_overflow_boulevard,
          minmay_temple_entry_grid
D:8:      layout_rooms, vehumet_statue, special_room [special_room_orc],
          enter_bailey_5

Skill      XL: |  1  2  3  4  5  6  7  8  9 10 |
---------------+-------------------------------+-----
Fire Magic     | 3 4 5 6 7 |  7.9
Armour         | 1 2 3 4 5 |  5.6
Dodging        | 1 2 3 4 5 |  5.6
Spellcasting   | 2 3 4 5 6 |  6.1
Stealth        | 1 2 4 |  4.4
Throwing       | 1 3 |  3.5
Conjurations   | 1 2 |  2.7
Fighting       | |  3.0
Polearms       | |  2.7

Action                   |  1- 3 |  4- 6 |  7- 9 | 10-12 || total
-------------------------+-------+-------+-------+-------++-------
Melee: Spear             |    43 |    22 |       |       ||    65
       Dagger            |    33 |     2 |       |    12 ||    47
       Staff             |     1 |       |     4 |     1 ||     6
       Kick              |       |     4 |    15 |     4 ||    23
       Halberd           |       |       |    78 |     2 ||    80
Throw: Dart              |       |     1 |    37 |     9 ||    47
       Boomerang         |       |       |       |    42 ||    42
       Javelin           |       |       |       |     2 ||     2
 Cast: Scorch            |    21 |    46 |   143 |    43 ||   253
Invok: Sea of Fire       |       |     1 |     1 |     1 ||     3
  Use: Scroll            |       |       |    11 |     3 ||    14
       Potion            |       |       |     3 |       ||     3
Armor: Robe              |    11 |     3 |     4 |       ||    18
       Leather armour    |       |       |    20 |     5 ||    25
Dodge: Dodged            |    60 |    24 |   141 |    48 ||   273

Table legend: (Time is in decaauts)
 A = Elapsed time spent in this place.
 B = Non-inter-level travel time spent in this place.
 C = Inter-level travel time spent in this place.
 D = Time resting spent in this place.
 E = Time spent auto-exploring this place.
 F = Levels seen in this place.
 G = Mean time per level.
                   A        B        C        D        E       F      G
               +--------+--------+--------+--------+--------+-----+--------+
         Total |  10271 |   9445 |    826 |   1982 |   4856 |  10 | 1027.1 |
       Dungeon |   8507 |   7681 |    826 |   1354 |   4563 |   8 | 1063.4 |
       Ossuary |    404 |    404 |      0 |    104 |    188 |   1 |  404.0 |
        Bailey |   1358 |   1358 |      0 |    524 |    105 |   1 | 1358.0 |
               +--------+--------+--------+--------+--------+-----+--------+

Top non-repeatable levels by time:
     D:3: 1408 daAuts
     D:4: 1372 daAuts
  Bailey: 1358 daAuts
     D:1: 1334 daAuts
     D:7: 1183 daAuts
     D:5: 1085 daAuts
     D:2: 933 daAuts
     D:6: 917 daAuts
 Ossuary: 404 daAuts
     D:8: 270 daAuts
